 Dungeon Crawl Stone Soup version 0.28-a0-657-g71136c5590 (webtiles) character file.

Game seed: 16607286330880708515

781 siradein the Caller (level 7, 0/52 HPs)
             Began as a Purple Draconian Summoner on Oct 14, 2021.
             Succumbed to a scorpion's poison
             ... on level 4 of the Dungeon.
             The game lasted 00:14:39 (5193 turns).

siradein the Caller (Purple Draconian Summoner)     Turns: 5193, Time: 00:14:40

Health: 0/52       AC:  6    Str: 10    XL:     7   Next: 55%
Magic:  12/16      EV: 12    Int: 18    God:
Gold:   167        SH:  0    Dex: 11    Spells: 6/19 levels left

rFire   . . .      SeeInvis .   o - +2 dagger (vamp)
rCold   . . .      Faith    .   (no shield)
rNeg    . . .      Spirit   .   (armour unavailable)
rPois   +          Reflect  .   (helmet restricted)
rElec   .          Harm     .   (no cloak)
rCorr   .          Rampage  .   (no gloves)
Will    +....                   (no boots)
Stlth   ++........              (no amulet)
HPRegen 0.17/turn               (no ring)
MPRegen 0.15/turn               (no ring)

@: lethally poisoned (0 -> -8), attractive
A: breathe power, AC +6, unfitting armour, cold-blooded, horns 1, poison
resistance, MP-powered wands
a: Breathe Dispelling Energy


You were on level 4 of the Dungeon.
You visited 1 branch of the dungeon, and saw 5 of its levels.

You collected 167 gold pieces.

Inventory:

Hand Weapons
 o - a +2 vampiric dagger (weapon)
Missiles
 n - 10 poisoned darts
Magical Staves
 g - a staff of conjuration
Wands
 h - a wand of iceblast (6)
Scrolls
 a - 4 scrolls of magic mapping {unknown}
 b - a scroll of holy word {unknown}
 i - 4 scrolls of identify {unknown}
 k - a scroll of teleportation {unknown}
 p - a scroll of fog {unknown}
 q - 2 scrolls of vulnerability {unknown}
 r - a scroll of amnesia {unknown}
Potions
 d - a potion of might {unknown}
 f - a potion of degeneration {unknown}
 j - 2 potions of haste
 l - a potion of magic {unknown}
 m - 2 potions of attraction


   Skills:
 + Level 1.6 Fighting
 - Level 1.7 Dodging
 - Level 1.7 Stealth
 + Level 6.5 Spellcasting
 + Level 1.6 Hexes
 + Level 6.9 Summonings
 + Level 1.5 Evocations


You had 6 spell levels left.
You knew the following spells:

 Your Spells              Type           Power      Damage    Failure   Level
a - Summon Small Mammal   Summ           100%       N/A       1%          1
b - Call Imp              Summ           30%        N/A       1%          2
c - Call Canine Familiar  Summ           30%        N/A       1%          3
d - Summon Guardian Gole  Hex/Summ       21%        N/A       6%          3
e - Summon Lightning Spi  Summ/Air       18%        N/A       28%         4

Your spell library contained the following spells:

 Spells                   Type           Power      Damage    Failure   Level
 Slow                     Hex            11%        N/A       9%          2
 Freeze                   Ice            20%        1d4       12%         1
 Magic Dart               Conj           20%        1d4       12%         1
 Static Discharge         Conj/Air       5%         N/A       17%         2
 Confusing Touch          Hex            11%        N/A       19%         3
 Dazzling Flash           Conj/Hex       16%        N/A       24%         3
 Frozen Ramparts          Ice            10%        1d3       34%         3
 Mephitic Cloud           Conj/Pois/Air  5%         N/A       34%         3
 Dispel Undead            Necr           5%         3d7       75%         4
 Hailstorm                Conj/Ice       5%         3d4       75%         4
 Sticky Flame             Conj/Fire      5%         2d3       75%         4
 Silence                  Hex/Air        4%         N/A       92%         5
 Yara's Violent Unravell  Hex/Tmut       4%         3d4       92%         5
 Agony                    Necr           5%         N/A       97%         5


Dungeon Overview and Level Annotations

Branches:
Dungeon (5/15)             Temple (0/1) D:4

Altars:
Gozag
Nemelex Xobeh

Shops:
D:1 [[   D:4 [

Annotations:
D:3 1 transporter


Innate Abilities, Weirdness & Mutations

You can breathe bolts of dispelling energy.
Your rich purple scales are hard. (AC +6)
You cannot fit into any form of body armour.
You are cold-blooded and may be slowed by cold attacks.
You have a pair of small horns on your head.
Your system is resistant to poisons. (rPois)
You expend magic power (3 MP) to strengthen your wands.


Message History

You feel sick. The scorpion stings you.
You are more poisoned.
The scorpion poisons you!
Your hound closely misses the scorpion.
The water moccasin bites your hound. The scorpion stings you.
You are more poisoned.
The scorpion poisons you!
Your hound closely misses the scorpion.
You climb upwards.
Your summoned ally is left behind.
You feel extremely sick.
There is a stone staircase leading down here.
Casting: Call Canine Familiar (safe; 1% risk of failure)
Press: ? - help, Q - select action, (/) - cycle Dir - look around, f - activate You feel very sick.
The scorpion stings you.
You are lethally poisoned!
The scorpion poisons you!
* * * LOW HITPOINT WARNING * * *
You feel very sick.
Your hound bites the scorpion.
* * * LOW HITPOINT WARNING * * *
You feel very sick.
Your hound bites the scorpion but does no damage.
The scorpion stings your hound.
Your hound bites the scorpion.
* * * LOW HITPOINT WARNING * * *
You feel very sick.
Your hound bites the scorpion but does no damage.
It was a potion of cancellation.
You feel magically purged.
* * * LOW HITPOINT WARNING * * *
You feel very sick.
Your hound scratches at a flea.
Your hound completely misses the scorpion.
The scorpion stings you but does no damage.
It was a potion of attraction.
You feel attractive to monsters.
* * * LOW HITPOINT WARNING * * *
You feel sick.
Your hound closely misses the scorpion.
The scorpion closely misses you.
It was a potion of mutation.
You feel extremely strange.
You feel your magical essence link to the dungeon's wands.
You feel resistant to poisons. A pair of horns grows on your head!
You die...

...####...###.##################.
..........# #..##........#.......
..........# #..8.........#.......
..........# #.8..........#.......
..........# #............#.......
..........# #8..8............####
..........###....#'#####.....#
....(.....##[....#....##.....#
#'##########.#.#@####.##.....#
#.####...# #.#.#.sh.#.#......#
#....#...###.#.####>#.#...####
####.#.......#......#.#...#### ##
## #.##.####.#.####...###....# #.
.# #....####'#...##.####...#.###.
##########.....#.##.# #...#.#.'.
.........'.....#.##.####..)....#.
##########..........##....####.#.


You could see a scorpion (ally target) and a friendly hound (summoned).

Vanquished Creatures
  A black bear (D:4)
  A necrophage (D:4)
  A water moccasin zombie (D:4)
  A centaur skeleton (D:4)
  Ijyb (D:4)
  Natasha (D:2)
  An orc wizard (D:2)
  2 scorpion zombies (D:4)
  2 hound zombies (D:4)
  3 adders (D:3)
  3 adder zombies (D:4)
  2 adder skeletons (D:4)
  4 orcs (D:3)
  2 ball pythons
  4 bats
  An endoplasm (D:1)
  A giant cockroach (D:3)
  3 goblins
  4 hobgoblins
  2 jackals (D:1)
  5 quokkas
  3 frilled lizards
  A jackal zombie (D:4)
  7 kobolds
  2 rats
58 creatures vanquished.

Vanquished Creatures (collateral kills)
  An ice beast (D:2)
  A centaur zombie (D:4)
  A bullfrog skeleton (D:3)
  Jessica (D:3)
  Natasha (twice) (D:2)
  A hound skeleton (D:4)
  A gnoll (D:1)
  An adder zombie (D:4)
  2 dart slugs (D:1)
  2 orcs (D:3)
  A ball python (D:2)
  5 endoplasms
  A giant cockroach (D:2)
  A goblin (D:2)
21 creatures vanquished.

Grand Total: 79 creatures vanquished

Notes
Turn   | Place    | Note
-------+----------+-------------------------------------------
     0 | D:1      | siradein the Draconian Summoner began the quest for the
                  | Orb.
     0 | D:1      | Reached XP level 1. HP: 14/14 MP: 3/3
    49 | D:1      | Found a faded altar of an unknown god.
   133 | D:1      | Found Zuynalop's Armour Shoppe.
   271 | D:1      | Found Uzxan's Armour Emporium.
   283 | D:1      | Reached XP level 2. HP: 20/20 MP: 5/5
   347 | D:1      | Learned a level 2 spell: Call Imp
   495 | D:1      | Reached XP level 3. HP: 13/26 MP: 4/7
   978 | D:2      | Noticed Natasha
   995 | D:2      | Killed Natasha
  1220 | D:2      | Reached XP level 4. HP: 26/33 MP: 8/8
  1482 | D:2      | Noticed Natasha
  1499 | D:2      | Killed Natasha
  1500 | D:2      | Reached skill level 5 in Summonings
  1506 | D:2      | Noticed Natasha
  1521 | D:2      | Killed Natasha
  2262 | D:3      | Reached XP level 5. HP: 15/38 MP: 7/10
  2266 | D:3      | Learned a level 3 spell: Call Canine Familiar
  2494 | D:3      | Found an opulent altar of Gozag.
  2634 | D:3      | Noticed Jessica
  2636 | D:3      | Noticed an ice beast
  2653 | D:3      | Killed Jessica
  2823 | D:2      | Killed an ice beast
  2824 | D:2      | Reached XP level 6. HP: 31/45 MP: 3/12
  3334 | D:3      | Found a sparkling altar of Nemelex Xobeh.
  3334 | D:3      | Found a transporter.
  3794 | D:4      | Learned a level 3 spell: Summon Guardian Golem
  3799 | D:4      | Learned a level 4 spell: Summon Lightning Spire
  3819 | D:4      | Reached skill level 5 in Spellcasting
  3821 | D:4      | Your scales start taking on a rich purple colour.
  3821 | D:4      | Reached XP level 7. HP: 27/50 MP: 9/16
  4035 | D:4      | Found Hiffuakk's Armour Emporium.
  4043 | D:4      | Noticed Ijyb
  4079 | D:4      | Killed Ijyb
  4080 | D:4      | Reached skill level 1 in Fighting
  4080 | D:4      | Reached skill level 1 in Hexes
  4080 | D:4      | Reached skill level 1 in Evocations
  4971 | D:4      | Found a staircase to the Ecumenical Temple.
  5180 | D:5      | Entered Level 5 of the Dungeon
  5192 | D:4      | HP: 1/52 [poisoned by a scorpion]
  5193 | D:4      | Gained mutation: You expend magic power (3 MP) to
                  | strengthen your wands. [potion of mutation]
  5193 | D:4      | Gained mutation: Your system is resistant to poisons.
                  | (rPois) [potion of mutation]
  5193 | D:4      | Gained mutation: You have a pair of small horns on your
                  | head. [potion of mutation]
  5193 | D:4      | Succumbed to a scorpion's poison

Illustrated notes

Levels and vault maps discovered:
D:1:      lightli_arrival_boilingwater, layout_rooms,
          chequers_ecumenical_altar_simple, serial_shops, shop_fountains,
          nicolae_shop_window_shopping, minivault_5
D:2:      layout_basic, kennysheep_generic_room_16, uniq_natasha
D:3:      layout_loops_ring, grunt_nemelex_the_gamble,
          mainiacjoe_overflow_boulevard, kennysheep_generic_room_10,
          uniq_jessica
D:4:      layout_basic, minmay_temple_entry_from_below_a, serial_shops,
          shop_fountains, serial_undead, serial_undead_d, serial_undead_e,
          serial_undead_a, serial_undead_a, serial_undead_c, serial_undead_c,
          uniq_ijyb
D:5:      layout_cave_pools, amcnicky_mini_rare_corridor_liquid

Skill      XL: |  1  2  3  4  5  6  7 |
---------------+----------------------+-----
Spellcasting   | 3 4 6 |  6.5
Summonings     | 5 6 |  6.9
Fighting       | 1 |  1.6
Hexes          | 1 |  1.6
Evocations     | 1 |  1.5
Dodging        | |  1.7
Stealth        | |  1.7

Action                   |  1- 3 |  4- 6 |  7- 9 || total
-------------------------+-------+-------+-------++-------
Melee: Unarmed           |    21 |       |       ||    21
       Tailslap          |     8 |     9 |    14 ||    31
       Dagger            |    10 |    63 |   116 ||   189
       Spear             |    57 |   120 |       ||   177
 Cast: Summon Small Mamm |     5 |       |       ||     5
       Call Imp          |     5 |    14 |       ||    19
       Call Canine Famil |       |    12 |     3 ||    15
 Abil: Breathe Dispellin |       |       |     1 ||     1
  Use: Potion            |       |       |     3 ||     3
 Stab: Sleeping          |     3 |     3 |     1 ||     7
       Distracted        |     1 |     1 |       ||     2
Armor: Skin              |    26 |    88 |    23 ||   137
Dodge: Dodged            |    57 |   136 |    70 ||   263

Table legend: (Time is in decaauts)
 A = Elapsed time spent in this place.
 B = Non-inter-level travel time spent in this place.
 C = Inter-level travel time spent in this place.
 D = Time resting spent in this place.
 E = Time spent auto-exploring this place.
 F = Levels seen in this place.
 G = Mean time per level.
                   A        B        C        D        E       F      G
               +--------+--------+--------+--------+--------+-----+--------+
         Total |   5225 |   5110 |    115 |     85 |   3950 |   5 | 1045.0 |
       Dungeon |   5225 |   5110 |    115 |     85 |   3950 |   5 | 1045.0 |
               +--------+--------+--------+--------+--------+-----+--------+

Top non-repeatable levels by time:
     D:4: 1621 daAuts
     D:3: 1396 daAuts
     D:2: 1236 daAuts
     D:1: 966 daAuts
     D:5: 5 daAuts
